 Dungeon Crawl Stone Soup version 0.22-a0-571-g4a923d4 (webtiles) character file.

116 Hebeh the Covered (level 4, -5/41 HPs)
             Began as a Minotaur Fighter on July 2, 2018.
             Slain by an orc warrior
             ... wielding a +0 trident
              (14 damage)
             ... on level 3 of the Dungeon.
             The game lasted 00:03:38 (1365 turns).

Hebeh the Covered (Minotaur Fighter)                Turns: 1365, Time: 00:03:39

Health: -5/41      AC:  8    Str: 21    XL:     4   Next: 70%
Magic:  3/3        EV:  7    Int:  5    God:
Gold:   83         SH:  9    Dex: 10    Spells: 3/3 levels left

rFire    . . .     SeeInvis .   a - +0 war axe
rCold    . . .     Gourm    .   c - +0 shield
rNeg     . . .     Faith    .   b - +0 scale mail
rPois    .         Spirit   .   l - +1 hat
rElec    .         Reflect  .   (no cloak)
rCorr    .         Harm     .   (no gloves)
MR       .....                  (no boots)
Stlth    ..........             (no amulet)
HPRegen  0.13/turn              (no ring)
MPRegen  0.08/turn              (no ring)

@: no status effects
A: retaliatory headbutt, horns 2
a: no special abilities


You were on level 3 of the Dungeon.
You were not hungry.

You visited 1 branch of the dungeon, and saw 3 of its levels.

You collected 83 gold pieces.

Inventory:

Hand Weapons
 a - a +0 war axe (weapon)
Armour
 b - a +0 scale mail (worn)
 c - a +0 shield (worn)
 l - a +1 hat (worn)
Scrolls
 h - 5 scrolls of identify {unknown}
 i - a scroll of teleportation {unknown}
 j - a scroll of remove curse {unknown}
 k - a scroll of immolation {unknown}
 m - a scroll of enchant armour {unknown}
 q - a scroll of amnesia {unknown}
 r - a scroll of fear {unknown}
Potions
 d - 2 potions of might
 e - a potion of curing {unknown}
 n - a potion of agility {unknown}
 o - a potion of degeneration {unknown}
 p - a potion of flight {unknown}
Comestibles
 f - 5 rations
 g - 6 chunks of flesh


   Skills:
 + Level 4.3 Fighting
 * Level 4.2 Axes
 + Level 4.4 Armour
 + Level 4.3 Shields


You had 3 spell levels left.
You didn't know any spells.
Your spell library was empty.

Dungeon Overview and Level Annotations

Branches:
Dungeon (3/15)

Altars:


Innate Abilities, Weirdness & Mutations

You reflexively headbutt those who attack you in melee.
You have a pair of horns on your head.


Message History

The orc warrior hits you with a trident!
Your shield and scale mail prevent you from hitting the orc warrior.
You headbutt the orc warrior!
The orc warrior is moderately wounded.
You block the orc warrior's attack.
You closely miss the orc warrior.
The orc warrior is moderately wounded.
The orc warrior hits you with a trident!
You are too injured to fight recklessly!
You are too injured to fight recklessly!
You are too injured to fight recklessly!
You hit the orc warrior.
The orc warrior is heavily wounded.
You block the orc warrior's attack.
You closely miss the orc warrior.
The orc warrior is heavily wounded.
The orc warrior hits you with a trident.
* * * LOW HITPOINT WARNING * * *
The orc warrior hits you with a trident!
You die...

#.. .. #.# ##'### #.#
...... #.# ..... #r#
....## #o# .....## #o#
......+ #@# ......+ #.#
.....## #.#
....############.#####.
........................
...............#.#####.#
...............#.#
...............#.#
...............#.#


You could see an orc warrior, an orc and a rat.

Vanquished Creatures
  An orc priest (D:3)
  A gnoll (D:1)
  2 adders
  2 worms
  A leopard gecko (D:2)
  4 orcs (D:3)
  4 bats
  4 giant cockroaches
  5 goblins
  4 hobgoblins
  4 jackals (D:1)
  5 kobolds (D:1)
  A quokka (D:2)
  3 frilled lizards
  4 rats
45 creatures vanquished.

Notes
Turn   | Place    | Note
-------+----------+-------------------------------------------
     0 | D:1      | Hebeh the Minotaur Fighter began the quest for the Orb.
     0 | D:1      | Reached XP level 1. HP: 19/19 MP: 0/0
    84 | D:1      | Reached XP level 2. HP: 24/27 MP: 1/1
   213 | D:1      | Reached XP level 3. HP: 29/33 MP: 2/2
  1154 | D:3      | Reached XP level 4. HP: 40/40 MP: 3/3
  1354 | D:3      | Noticed an orc warrior
  1365 | D:3      | Slain by an orc warrior

Vault maps used:
D:1:      lightli_arrival_noodles, st_stairs_4
D:2:      amethyst_killhole
D:3:      gammafunk_temple_overflow_wave, first_ration, uniq_jessica

Skill      XL: |  1  2  3  4 |
---------------+-------------+-----
Axes           | 3 4 |  4.2
Armour         | 4 |  4.4
Fighting       | 4 |  4.3
Shields        | 4 |  4.3

Action                   |  1- 3 |  4- 6 || total
-------------------------+-------+-------++-------
Melee: War axe           |    91 |    24 ||   115
       Headbutt          |    12 |     7 ||    19
  Eat: Chunk             |     1 |     1 ||     2
Armor: Scale mail        |    57 |     8 ||    65
Dodge: Dodged            |    27 |       ||    27
Block: Shield            |    52 |    15 ||    67

Table legend:
 A = Spawn XP
 B = Non-spawn XP
 C = Spawn XP percentage of total XP
 D = Spawn monster count
 E = Non-spawn monster count
 F = Spawn count percentage of total count
 G = Total turns spent on level
                    A         B        C        D         E        F      G
               +---------+---------+-------+---------+---------+-------+---------
         Total |       0 |     167 |   0.0 |       0 |      45 |   0.0 |  1365
               +---------+---------+-------+---------+---------+-------+---------
           D:1 |       0 |      56 |   0.0 |       0 |      24 |   0.0 |   491
           D:2 |       0 |      37 |   0.0 |       0 |      12 |   0.0 |   559
           D:3 |       0 |      74 |   0.0 |       0 |       9 |   0.0 |   315
               +---------+---------+-------+---------+---------+-------+---------
